 Dungeon Crawl Stone Soup version 0.30-a0-779-g7971cf19c3 (webtiles) character file.

Game seed: 14703603450818352136

9655 Pimp the Thaumaturge (level 11, -8/84 HPs)
             Began as a Yellow Draconian Venom Mage on Feb 17, 2023.
             Was a High Priest of Vehumet.
             Mangled by an ogre
             ... wielding a +0 giant spiked club
              (28 damage)
             ... on level 1 of the Orcish Mines.
             The game lasted 00:56:34 (13155 turns).

Pimp the Thaumaturge (Yellow Draconian Venom Mage) Turns: 13155, Time: 00:56:35

Health: -8/84      AC:  9    Str: 16    XL:     11   Next: 25%
Magic:  16/24      EV: 13    Int: 25    God:    Vehumet [*****.]
Gold:   1544       SH:  0    Dex: 12    Spells: 16/28 levels left

rFire   + . .      SeeInvis .    y - +0 spear of the Pillar {freeze, rN+ rCorr Int+5}
rCold   . . .      Faith    .    (no shield)
rNeg    + . .      Spirit   .    (body armour unavailable)
rPois   .          Reflect  .    (helmet restricted)
rElec   .          Harm     .    R - scarf {+Inv}
rCorr   +          Rampage  .    p - +0 pair of gloves
Will    .....                    n - +0 pair of boots
Stlth   +++                      a - amulet of regeneration
HPRegen 1.14/turn                f - ring of wizardry
MPRegen 0.19/turn                D - +6 ring of strength

@: radiating poison
A: spit acid, AC +7, unfitting armour, cold-blooded, acid resistance, horns 1,
stinger 1, fire resistance 1
a: Breathe Acid, Renounce Religion, Evoke Invisibility


You were on level 1 of the Orcish Mines.
You worshipped Vehumet.
Vehumet was extremely pleased with you.
You visited 3 branches of the dungeon, and saw 13 of its levels.
You also visited: Ossuary and Bailey.

You collected 1544 gold pieces.

Inventory:

Hand Weapons
 k - a +0 dagger
 w - a +1 short sword of venom
 y - the +0 spear of the Pillar (weapon) {freeze, rN+ rCorr Int+5}
   (You found it on level 4 of the Dungeon)

   Int:       It affects your intelligence (+5).
   rN:        It protects you from negative energy.
   rCorr:     It protects you from acid and corrosion.
Missiles
 d - 3 javelins
 h - 19 poisoned darts
Armour
 l - a +1 cloak
 n - a +0 pair of boots (worn)
 p - a +0 pair of gloves (worn)
 R - a scarf of invisibility (worn)
Jewellery
 a - an amulet of regeneration (around neck)
 f - a ring of wizardry (left hand)
 x - a ring of protection from cold
 D - a +6 ring of strength (right hand)
 S - a ring of see invisible
 W - a ring of see invisible
Wands
 s - a wand of quicksilver (6)
 I - a wand of paralysis (7)
 M - a wand of roots (2)
 P - a wand of polymorph (12)
 X - a wand of flame (15)
Scrolls
 c - 7 scrolls of teleportation
 e - a scroll of torment {unknown}
 i - 4 scrolls of identify
 j - 2 scrolls of magic mapping {unknown}
 t - a scroll of noise {unknown}
 C - a scroll of immolation {unknown}
 E - 3 scrolls of enchant armour {unknown}
 H - a scroll of enchant weapon {unknown}
 K - a scroll of brand weapon {unknown}
 L - 3 scrolls of poison {unknown}
 O - a scroll of vulnerability {unknown}
 Q - a scroll of blinking {unknown}
 U - a scroll of amnesia {unknown}
 V - a scroll of fear {unknown}
Potions
 b - 7 potions of mutation
 g - 4 potions of invisibility {unknown}
 m - 3 potions of might
 o - 5 potions of heal wounds
 q - 6 potions of curing
 r - 2 potions of brilliance {unknown}
 u - 9 potions of flight
 z - 3 potions of attraction
 A - 2 potions of magic
 B - 3 potions of degeneration {unknown}
 F - a potion of ambrosia {unknown}
 G - 2 potions of lignification {unknown}
 J - a potion of experience {unknown}
 N - a potion of haste {unknown}
Miscellaneous
 v - a piece from Xom's chessboard (15/15)
 T - a phial of floods


   Skills:
 + Level 4.0 Fighting
 + Level 3.2 Short Blades
 + Level 4.8 Polearms
 + Level 4.8 Dodging
 + Level 4.7 Stealth
 + Level 0.4 Unarmed Combat
 + Level 9.4 Spellcasting
 + Level 3.5 Conjurations
 + Level 0.1 Necromancy
 + Level 2.9 Transmutations
 + Level 3.9 Fire Magic
 + Level 0.4 Ice Magic
 + Level 9.1 Poison Magic
 + Level 1.0 Evocations


You had 16 spell levels left.
You knew the following spells:

 Your Spells              Type           Power      Damage    Failure   Level
a - Sting                 Tmut/Pois      100%       1d8       1%          1
b - Olgreb's Toxic Radia  Pois           55%        N/A       1%          4
c - Necrotise             Necr           48%        1d6       1%          1
d - Ozocubu's Armour      Ice            14%        N/A       5%          3
e - Foxfire               Conj/Fire      100%       2x1d9     1%          1
f - Poisonous Vapours     Pois/Air       68%        N/A       1%          2

Your spell library contained the following spells:

 Spells                   Type           Power      Damage    Failure   Level
 Iskenderun's Battlesphe  Conj           29%        2d8       4%          5
 Dazzling Flash           Conj/Hex       40%        N/A       1%          3
 Mephitic Cloud           Conj/Pois/Air  33%        N/A       1%          3
 Apportation              Tloc           22%        N/A       2%          1
 Summon Small Mammal      Summ           44%        N/A       2%          1
 Fireball                 Conj/Fire      15%        3d8       3%          5
 Alistair's Intoxication  Tmut/Pois      28%        N/A       4%          5
 Eringya's Noxious Bog    Tmut/Pois      21%        N/A       8%          6
 Summon Lightning Spire   Summ/Air       11%        N/A       21%         4
 Summon Forest            Summ/Tloc      5%         N/A       47%         5
 Orb of Destruction       Conj           14%        9d7       63%         7
 Ozocubu's Refrigeration  Ice            7%         4d9       94%         7
 Storm Form               Tmut/Air       9%         N/A       100%        7
 Summon Hydra             Summ           5%         N/A       100%        7
 Maxwell's Capacitive Co  Air            5%         ∞         100%        8


Dungeon Overview and Level Annotations

Branches:
Dungeon (10/15)            Temple (1/1) D:4             Orc (2/2) D:10
Ossuary (visited)          Bailey (visited)
   Lair: D:8-11         Elf: Orc:2

Altars:
Ashenzari
Cheibriados
Dithmenos
Elyvilon
Fedhas
Gozag
Hepliaklqana
Kikubaaqudgha
Makhleb
Nemelex Xobeh
Okawaru
Qazlal
Ru
Sif Muna
Trog
Uskayaw
Vehumet
Wu Jian
Xom
Yredelemnul
Zin
The Shining One

Shops:
D:1 [   D:2 [   Orc:1 ?

Annotations:
D:4 3 runed translucent doors, Newt's ghost, amateur KoHu
D:7 2 transporters


Innate Abilities, Weirdness & Mutations

You can spit globs of acid.
Your golden yellow scales are hard. (AC +7)
You cannot fit into any form of body armour.
You are cold-blooded and may be slowed by cold attacks.
You are resistant to acid. (rCorr)
You have a pair of small horns on your head.
Your tail ends in a venomous barb.
Your flesh is heat resistant. (rF+)


Message History

There is an open door here.
There is an entrance to Noivom's Magic Scroll Shoppe here.
There is an open door here.
There is a shaft here.
Done exploring.
Done exploring.
There is a stone staircase leading down here.
You climb downwards.
You feel an oppressive heat about you.
There is an entrance to a volcano on this level.
Hurry and find it before the entrance collapses!
The orc warrior shouts!
The orc shouts!
The orc warrior shouts!
The orc shouts!
You hear a howl!
Found 99 gold pieces.
There is a stone staircase leading up here.
Casting: Olgreb's Toxic Radiance (safe; 1% risk of failure)
Confirm with . or Enter, or press ? or * to list all spells.
You conjure some foxfire!
A warg comes into view.
The orc warrior closely misses you.
The orc knight roars a battlecry!
The orcs go into a battle-frenzy!
The foxfire hits the orc warrior.
The orc warrior is lightly wounded.
The foxfire hits the orc warrior but does no damage.
The orc warrior hits you with a +0 mace!
The orc warrior hits you from afar with a +0 glaive!!
The ogre hits you with a +0 giant spiked club!
You climb upwards.
There is a stone staircase leading down here.
Casting: Foxfire (safe; 1% risk of failure)
Confirm with . or Enter, or press ? or * to list all spells.
You begin to radiate toxic energy.
The orc warrior is poisoned.
The ogre is poisoned.
The ogre looks even sicker.
The orc warrior hits you with a +0 mace!!
* * * LOW HITPOINT WARNING * * *
Casting: Olgreb's Toxic Radiance (safe; 1% risk of failure)
Confirm with . or Enter, or press ? or * to list all spells.
Your toxic radiance grows in intensity.
The ogre hits you with a +0 giant spiked club!!
You die...

#..................###..##
###........#.............#
##......................##
#...##....#..........####
.#...#...........^..##
....................#
.....#.##.#.........###
........#......Oo.....##
.#..##..........@<.....##
#....#....#.............#
##..#.#...##...........##
###^............#....##
##.................##
##...#.#.............#
##.#...#......#......##
#...#..##......##..>.#
...#....#.....####...#


You could see an orc warrior (strong, poisoned) and an ogre (very poisoned).

Vanquished Creatures
  2 two-headed ogres
  Joseph (D:7)
  2 kobold demonologists (Bailey)
  Grinder (D:5)
  A shadow (D:8)
  2 wyverns (D:9)
  6 yaks (D:10)
  2 steam dragons
  Menkaure (D:5)
  2 wargs (Orc:1)
  Duvessa (D:7)
  2 water moccasins
  10 orc warriors
  A black bear (D:6)
  2 ice beasts
  6 ogres
  A centaur (D:10)
  A phantom (D:5)
  2 bullfrogs
  A kobold brigand (D:9)
  5 scorpions
  A gnoll sergeant (D:10)
  A necrophage (D:5)
  15 wights
  Dowan (D:7)
  9 killer bees (D:9)
  3 howler monkeys
  5 electric eels (Bailey)
  A gnoll bouda (D:5)
  4 jellies
  5 orc priests
  4 hounds
  Crazy Yiuf (D:7)
  4 iguanas
  Natasha (thrice) (D:4)
  8 orc wizards
  A mummy (Ossuary)
  28 gnolls
  5 adders
  A river rat (D:4)
  A white imp (D:6)
  2 ufetubi
  3 worms (D:2)
  A dart slug (D:2)
  24 orcs
  5 spectral bats (Ossuary)
  8 ball pythons
  4 bats
  3 endoplasms
  11 hobgoblins
  3 quokkas
  2 bat simulacra (Ossuary)
  3 frilled lizards
  12 gnoll zombies (Ossuary)
  9 goblins
  3 goblin simulacra (Ossuary)
  3 goblin zombies (Ossuary)
  7 hobgoblin zombies (Ossuary)
  13 kobolds
  3 kobold simulacra (Ossuary)
  5 kobold zombies (Ossuary)
  3 orc zombies (Ossuary)
  7 rats
  3 rat simulacra (Ossuary)
  3 spectral goblins (Ossuary)
  2 spectral kobolds (Ossuary)
  3 spectral rats (Ossuary)
  A butterfly (D:4)
299 creatures vanquished.

Vanquished Creatures (others)
  236 foxfires
  12 plants (D:6)
248 creatures vanquished.

Grand Total: 547 creatures vanquished

Notes
Turn   | Place    | Note
-------+----------+-------------------------------------------
     0 | D:1      | Pimp the Draconian Venom Mage began the quest for the Orb.
     0 | D:1      | Reached XP level 1. HP: 14/14 MP: 3/3
    59 | D:1      | Found Zopsu's Armour Emporium.
   493 | D:1      | Reached XP level 2. HP: 20/20 MP: 3/5
   992 | D:1      | Found a faded altar of an unknown god.
  1315 | D:2      | Reached XP level 3. HP: 18/26 MP: 3/6
  1535 | D:2      | Reached XP level 4. HP: 33/33 MP: 3/7
  1866 | D:2      | Found a glowing silver altar of Zin.
  1996 | D:2      | Learned a level 4 spell: Olgreb's Toxic Radiance
  2123 | D:2      | Found Load's Antique Armour Shoppe.
  2390 | D:3      | Learned a level 1 spell: Necrotise
  2624 | D:3      | Found a shimmering altar of Xom.
  3041 | D:3      | Reached skill level 1 in Short Blades
  3041 | D:3      | Reached XP level 5. HP: 26/39 MP: 5/9
  3509 | D:4      | Noticed Natasha
  3512 | D:4      | Noticed an ogre
  3517 | D:4      | Killed Natasha
  3710 | D:3      | Learned a level 3 spell: Ozocubu's Armour
  3746 | D:3      | Killed an ogre
  3747 | D:3      | Reached skill level 1 in Fighting
  3747 | D:3      | Reached XP level 6. HP: 41/47 MP: 8/10
  3779 | D:4      | Found a runed translucent gate.
  3780 | D:4      | Found a runed translucent gate.
  3782 | D:4      | Found a runed translucent gate.
  3784 | D:4      | Found a staircase to the Ecumenical Temple.
  3790 | D:4      | Gained mutation: Your flesh is heat resistant. (rF+)
                  | [potion of mutation]
  3790 | D:4      | Gained mutation: You have a pair of small horns on your
                  | head. [potion of mutation]
  3790 | D:4      | Gained mutation: Your tail ends in a venomous barb. [potion
                  | of mutation]
  3839 | Temple   | Entered the Ecumenical Temple
  4036 | Temple   | Became a worshipper of Vehumet
  4055 | D:4      | Found an opulent altar of Gozag.
  4056 | D:4      | Noticed Newt's ghost (amateur KoHu)
  4086 | D:4      | Found a sand-covered staircase.
  4092 | Ossuary  | Entered an ossuary
  4214 | Ossuary  | Reached * piety under Vehumet
  4214 | Ossuary  | Offered knowledge of Foxfire by Vehumet.
  4217 | Ossuary  | Learned a level 1 spell: Foxfire
  4529 | Ossuary  | Reached ** piety under Vehumet
  4529 | Ossuary  | Offered knowledge of Kiss of Death by Vehumet.
  4705 | D:4      | Noticed Natasha
  4710 | D:4      | Killed Natasha
  4711 | D:4      | Your scales start taking on a golden yellow colour.
  4711 | D:4      | Reached XP level 7. HP: 51/52 MP: 10/12
  4711 | D:4      | Gained mutation: You are resistant to acid. (rCorr) [Yellow
                  | Draconian growth]
  4730 | D:4      | Identified the +0 spear of the Pillar {freeze, rN+ rCorr
                  | Int+5}
  5108 | D:4      | Noticed Natasha
  5123 | D:4      | Killed Natasha
  5245 | D:5      | Entered Level 5 of the Dungeon
  5359 | D:5      | Reached skill level 1 in Polearms
  5374 | D:5      | Reached skill level 1 in Conjurations
  5374 | D:5      | Reached skill level 1 in Fire Magic
  5485 | D:5      | Reached XP level 8. HP: 61/61 MP: 12/14
  5812 | D:5      | Noticed Grinder
  5843 | D:5      | Killed Grinder
  6037 | D:5      | Offered knowledge of Inner Flame by Vehumet.
  6038 | D:5      | Reached skill level 5 in Poison Magic
  6177 | D:5      | Learned a level 2 spell: Poisonous Vapours
  6184 | D:5      | Noticed Menkaure
  6619 | D:5      | Killed Menkaure
  6843 | D:6      | Found a stormy altar of Qazlal.
  6866 | D:6      | Reached skill level 5 in Spellcasting
  6866 | D:6      | Reached XP level 9. HP: 58/68 MP: 12/16
  6868 | D:6      | Reached *** piety under Vehumet
  7394 | D:6      | Found a hazy altar of Hepliaklqana.
  7486 | D:7      | Noticed Joseph
  7515 | D:6      | Offered knowledge of Airstrike by Vehumet.
  7733 | D:7      | Noticed Duvessa
  7733 | D:7      | Noticed Dowan
  7739 | D:7      | Killed Dowan
  7740 | D:7      | Killed Duvessa
  7746 | D:7      | Killed Joseph
  7975 | D:7      | Reached skill level 1 in Evocations
  8452 | D:7      | Found a bloodstained altar of Trog.
  8501 | D:7      | Found a shimmering blue altar of Sif Muna.
  8506 | D:7      | Found a blossoming altar of Fedhas.
  8550 | D:7      | Found a transporter.
  8600 | D:7      | Found a transporter.
  8677 | D:7      | Found a sacrificial altar of Ru.
  8732 | D:7      | Found a runed translucent door.
  8733 | D:7      | Noticed Crazy Yiuf
  8896 | D:7      | Killed Crazy Yiuf
  9199 | D:8      | Reached XP level 10. HP: 71/71 MP: 11/20
  9384 | D:8      | Found an ancient bone altar of Kikubaaqudgha.
  9443 | D:8      | Noticed a two-headed ogre
  9485 | D:8      | Killed a two-headed ogre
  9693 | D:8      | Found a broken altar of Ashenzari.
  9696 | D:8      | Found a white marble altar of Elyvilon.
  9700 | D:8      | Found a sparkling altar of Nemelex Xobeh.
  9917 | D:9      | Reached **** piety under Vehumet
 10092 | D:9      | Offered knowledge of Hailstorm by Vehumet.
 10269 | D:9      | Found a flagged portal.
 10355 | Bailey   | Entered a bailey
 10693 | Bailey   | Noticed a smoke demon
 10857 | Bailey   | Found an iron altar of Okawaru.
 11164 | Bailey   | Got Kiobi's Parchment of the Fifth Circle
 11189 | Bailey   | Identified the +2 robe of Lauschubb {rF+ SInv}
 11192 | Bailey   | Identified the +7 leather armour "Cemiv" {rF+ SInv}
 11200 | Bailey   | Identified the +5 whip of Dismemberment {venom, *Noise rC+
                  | Stlth+}
 11456 | D:9      | Acquired 683 gold pieces
 12109 | D:10     | Entered Level 10 of the Dungeon
 12120 | D:10     | Reached XP level 11. HP: 70/76 MP: 12/24
 12363 | D:10     | Identified the +6 spear of Spite {freeze, Contam rF+ Int+5
                  | Stlth+}
 12518 | D:10     | Found a staircase to the Orcish Mines.
 12556 | D:10     | Noticed a two-headed ogre
 12609 | D:10     | Killed a two-headed ogre
 12656 | Orc:1    | Entered Level 1 of the Orcish Mines
 12694 | Orc:1    | Reached ***** piety under Vehumet
 12694 | Orc:1    | Offered knowledge of Iskenderun's Battlesphere by Vehumet.
 13072 | Orc:1    | Found Noivom's Magic Scroll Shoppe.
 13150 | Orc:2    | Entered Level 2 of the Orcish Mines
 13150 | Orc:2    | Noticed an orc knight
 13155 | Orc:1    | Mangled by an ogre

Illustrated notes

Levels and vault maps discovered:
D:1:      heliophobic_arrival_glass_houses, layout_basic, serial_shops,
          nicolae_shop_hallway_plus, hellmonk_ecumenical_altar_leap_of_faith,
          minmay_misc_feat_room, minmay_door_square
D:2:      layout_loops_ring, basic_altar, serial_shops, nicolae_square_shop
D:3:      layout_loops_corners, xom_butterflies, roderic_lattice_a
D:4:      layout_rooms, minmay_temple_entry_drinking_statues,
          serial_corexii_hall, corexii_hall_statues_x, corexii_hall_statues_u,
          corexii_hall_statues_i, chequers_hall_statues_y, ebering_ghost_gozag,
          gup_sewer_entry_bowl, nicolae_ossuary_entry_false_entrances,
          uniq_natasha
D:5:      layout_basic, minmay_bent, uniq_grinder, uniq_menkaure
D:6:      layout_rooms, nicolae_hepliaklqana_hazy_memory,
          nicolae_qazlal_general_emergency, kennysheep_generic_room_10
D:7:      gammafunk_cloud_chamber, layout_cave_pools,
          mainiacjoe_overflow_small_starburst, nicolae_overflow_squiral,
          mainiacjoe_overflow_six_doors_small, uniq_duvessa,
          uniq_crazy_yiuf_cottage, uniq_joseph
D:8:      layout_loops_ring, kiku_gazebo_pond_becter,
          grunt_temple_overflow_diamond
D:9:      layout_basic, enter_bailey_6, kennysheep_donut
D:10:     layout_loops_ring, orc_0_dummy
Temple:   nicolae_temple_bog_church
Orc:1:    layout_caves, basic_altar, serial_shops, nicolae_shop_hallway_plus
Orc:2:    st_orc_rangers, layout_caves, enter_volcano_3, serial_shops,
          nicolae_square_shop

Skill      XL: |  1  2  3  4  5  6  7  8  9 10 11 |
---------------+----------------------------------+-----
Dodging        | 2 3 4 |  4.8
Stealth        | 2 3 4 |  4.7
Transmutations | 2 |  2.9
Short Blades   | 1 2 3 |  3.2
Spellcasting   | 3 4 5 7 9 |  9.4
Poison Magic   | 4 5 6 8 9 |  9.1
Fighting       | 1 2 3 4 |  4.0
Polearms       | 1 4 |  4.8
Conjurations   | 1 2 3 |  3.5
Fire Magic     | 1 3 |  3.9
Evocations     | 1 |  1.0
Unarmed Combat | |  0.4
Necromancy     | |  0.1
Ice Magic      | |  0.4

Action                     |  1- 3 |  4- 6 |  7- 9 | 10-12 || total
---------------------------+-------+-------+-------+-------++-------
  Melee: Unarmed           |    24 |       |       |       ||    24
         Tailslap          |     4 |    37 |    38 |    13 ||    92
         Dagger            |     6 |    85 |       |       ||    91
         Short sword       |       |   193 |       |       ||   193
         Headbutt          |       |    40 |    45 |    19 ||   104
         Punch             |       |     2 |     3 |     2 ||     7
         Spear             |       |       |   233 |    95 ||   328
   Cast: Sting             |    39 |    26 |     7 |       ||    72
         Olgreb's Toxic Ra |       |     3 |    33 |    88 ||   124
         Necrotise         |       |     2 |       |       ||     2
         Foxfire           |       |    12 |   117 |    42 ||   171
         Ozocubu's Armour  |       |       |     1 |       ||     1
Ability: Breathe Acid      |       |       |     2 |       ||     2
  Evoke: Wand              |       |       |     5 |       ||     5
    Use: Potion            |     1 |     1 |     1 |       ||     3
         Scroll            |       |       |     5 |     1 ||     6
   Stab: Sleeping          |       |    10 |     4 |     1 ||    15
         Paralysed         |       |       |     4 |       ||     4
 Armour: Skin              |    16 |    91 |   105 |    24 ||   236
  Dodge: Dodged            |    38 |   176 |   239 |    78 ||   531

Table legend: (Time is in decaauts)
 A = Elapsed time spent in this place.
 B = Non-inter-level travel time spent in this place.
 C = Inter-level travel time spent in this place.
 D = Time resting spent in this place.
 E = Time spent auto-exploring this place.
 F = Levels seen in this place.
 G = Mean time per level.
                   A        B        C        D        E       F      G
               +--------+--------+--------+--------+--------+-----+--------+
         Total |  13168 |  12674 |    494 |   2932 |   6102 |  15 |  877.9 |
       Dungeon |  10824 |  10375 |    449 |   2089 |   5637 |  10 | 1082.4 |
        Temple |    230 |    198 |     32 |      0 |    180 |   1 |  230.0 |
  Orcish Mines |    496 |    483 |     13 |    100 |    223 |   2 |  248.0 |
       Ossuary |    520 |    520 |      0 |     47 |     37 |   1 |  520.0 |
        Bailey |   1097 |   1097 |      0 |    696 |     24 |   1 | 1097.0 |
               +--------+--------+--------+--------+--------+-----+--------+

Top non-repeatable levels by time:
     D:6: 1497 daAuts
     D:5: 1474 daAuts
     D:3: 1361 daAuts
     D:2: 1269 daAuts
     D:9: 1161 daAuts
     D:1: 1113 daAuts
  Bailey: 1097 daAuts
     D:4: 817 daAuts
     D:8: 817 daAuts
     D:7: 766 daAuts
    D:10: 545 daAuts
 Ossuary: 520 daAuts
   Orc:1: 494 daAuts
  Temple: 230 daAuts
   Orc:2: 2 daAuts
